AoeStats
← PsikopaTT38

Arabia

510857003Analyzed
2v2 RM · 16h ago on Oct 2, 2026· 26m 18s· 4 players
Game mode
Random Map
Map size
Medium (4 player)
Population
200
Speed
Normal
Resources
Standard
Victory
Conquest
Starting age
Dark Age
Ending age
Imperial Age
RankedLock teamsTeams togetherTeam positionsShared explorationLock speedFull tech treeHidden civsTurbo modeCheats
Victory
Defeat
🇨🇱 Lithuanians · Chile
880
+20
🇺🇾 Bengalis · Uruguay
858
+61
🇹🇷 Goths · Türkiye
997
-22
🇹🇷 Spanish · Türkiye
931
-19
Gwyn
3:08 Loom
9:45 Feudal Age
20:46 Castle Age
18:57 Gold Mining
20:48 Fletching
24:19 Double-Bit Axe
25:17 Padded Archer Armor
25:16 Bodkin Arrow
25:45 Thumb Ring
26:28 Stone Mining
26:51 Husbandry
joaalva99
3:30 Loom
15:08 Feudal Age
18:01 Double-Bit Axe
faysaladn
0:30 Loom
11:43 Feudal Age
13:52 Man-at-Arms
16:49 Scale Mail Armor
18:00 Scale Barding Armor
19:48 Double-Bit Axe
23:46 Horse Collar
24:00 Gold Mining
24:44 Fletching
PsikopaTT38
10:55 Feudal Age
12:10 Double-Bit Axe
21:25 Horse Collar
21:38 Stone Mining
23:46 Gold Mining
26:52 Castle Age
Connection lost

Rejoining the realm…

Still unreachable

The connection could not be restored.

Session expired

The server has moved on; the page needs a fresh start.